Map: Blackpink LE

Players

SpeCial - Winner!

  • Race: Terran Terran
  • Spawn Location: 1:00

uThermal

  • Race: Terran Terran
  • Spawn Location: 7:00

Event: WCS Leipzig 2018

VOD

Have the link to the VOD?

Description

Time

  • Played on: Jan. 27, 2018, 8:54 a.m.
  • Length: 8:55

All games in this series

Show
View Real Time Build Order
Export as new Build Order

SpeCial Terran - Winner!

Build Orders: Reaper Expand, Mech 

Get SALT Encoding   

  12  0:00  SCV  
  13  0:12  SCV  
  14  0:17  Supply Depot  
  14  0:25  SCV  
  15  0:39  SCV  
  15  0:40  Barracks  
  16  0:43  Refinery  
  16  0:51  SCV  
  17  1:03  SCV  
  18  1:15  SCV  
  19  1:27  Orbital Command, Reaper  
  20  1:41  Command Center  
  20  1:50  Supply Depot  
  20  1:54  SCV  
  21  1:59  Marine  
  22  2:07  Factory  
  22  2:10  SCV  
  23  2:18  Refinery  
  23  2:21  Barracks Reactor  
  23  2:22  SCV  
  24  2:34  SCV  
  25  2:46  SCV  
  27  2:58  SCV  
  27  2:59  Orbital Command  
  27  3:05  Cyclone  
  29  3:06  Hellion  
  29  3:10  SCV  
  32  3:14  Marine  
  30  3:22  SCV  
  30  3:25  Command Center  
  31  3:29  SCV  
  35  3:34  Cyclone  
  35  3:42  Cyclone  
  35  3:43  SCV  
  35  3:45  SCV  
  40  3:55  SCV  
  41  3:57  SCV  
  41  3:58  Supply Depot  
  42  4:07  SCV  
  42  4:09  SCV  
  44  4:19  SCV, Cyclone x2  
  44  4:21  SCV  
  44  4:22  Barracks Tech Lab  
  50  4:27  Refinery x2  
  50  4:31  SCV  
  50  4:34  SCV  
  53  4:40  Orbital Command  
  53  4:44  SCV, Factory  
  53  4:46  SCV  
  53  4:47  Factory  
  53  4:51  Hellion  
  53  4:52  Hellion  
  58  4:56  SCV  
  58  4:58  SCV  
  60  5:08  SCV  
  60  5:10  SCV  
  60  5:11  SCV  
  60  5:13  Hellion x2, Barracks Tech Lab  
  67  5:20  SCV  
  68  5:22  SCV  
  68  5:25  Supply Depot  
  68  5:26  Armory  
  69  5:29  SCV  
  69  5:32  SCV  
  69  5:34  SCV  
  71  5:40  Starport  
  71  5:41  SCV  
  72  5:44  SCV, Hellion x2  
  72  5:47  SCV, Siege Tank  
  81  5:50  Siege Tank  
  81  5:52  Supply Depot  
  81  5:53  SCV  
  81  5:55  Supply Depot  
  85  6:07  Supply Depot, Liberator  
  85  6:11  Orbital Command  
  85  6:13  SCV x2  
  85  6:14  Hellion x2  
  85  6:16  Supply Depot, Terran Vehicle Weapons Level 1  
  92  6:19  Barracks Reactor  
  97  6:25  SCV, Siege Tank  
  97  6:31  SCV  
  99  6:33  Siege Tank  
  99  6:36  SCV  
  99  6:38  SCV  
  104  6:43  SCV  
  104  6:44  Hellion x2  
  109  6:48  SCV  
  109  6:50  SCV  
  109  6:53  Supply Depot  
  111  6:55  SCV  
  111  6:57  Siege Tank  
  111  7:00  SCV  
  116  7:02  SCV  
  116  7:06  Supply Depot, Engineering Bay, Factory  
  116  7:07  Refinery  
  116  7:08  Refinery  
  117  7:15  SCV x3, Supply Depot, Hellion x2  
  124  7:17  Supply Depot  
  124  7:18  Supply Depot, Siege Tank  
  125  7:24  Viking  
  125  7:27  SCV x3  
  130  7:30  Viking  
  132  7:38  Supply Depot  
  132  7:40  Hellion x2  
  132  7:42  Missile Turret  
  136  7:44  Siege Tank  
  139  7:53  Factory Tech Lab, Missile Turret  
  139  7:54  Factory  
  139  7:55  Viking  
  141  8:00  Viking  
  141  8:02  Supply Depot  
  141  8:03  Supply Depot  
  143  8:06  Hellion x2  
  143  8:07  Siege Tank  
  143  8:11  Siege Tank  
  152  8:21  Supply Depot  
  155  8:28  Hellion x2  
  143  8:34  SCV  
  143  8:35  SCV  
  143  8:37  SCV  
Show
View Real Time Build Order
Export as new Build Order

uThermal Terran 

Build Orders: Gas First Reaper Expand, Reaper Expand, MMM Bio 

Get SALT Encoding   

  12  0:01  SCV  
  13  0:13  SCV  
  14  0:17  Supply Depot  
  14  0:25  SCV  
  14  0:27  Refinery  
  15  0:39  SCV  
  16  0:44  Barracks  
  16  0:51  SCV  
  17  1:03  SCV  
  18  1:15  SCV  
  19  1:31  Orbital Command, Reaper  
  20  1:48  Command Center  
  20  1:57  SCV  
  20  2:01  Factory  
  21  2:04  Reaper  
  22  2:10  Supply Depot  
  22  2:16  Refinery  
  22  2:17  SCV  
  23  2:32  SCV  
  23  2:44  SCV  
  24  2:45  Hellion  
  24  2:47  Starport  
  26  2:51  Barracks Tech Lab  
  26  2:56  SCV  
  27  3:00  Orbital Command  
  27  3:06  Hellion  
  27  3:08  SCV  
  30  3:20  SCV  
  30  3:26  SCV  
  32  3:28  Hellion  
  32  3:30  Raven  
  32  3:32  SCV, Barracks Reactor  
  37  3:38  SCV  
  38  3:44  SCV  
  39  3:50  SCV  
  39  3:52  Supply Depot, Cyclone  
  43  3:56  SCV  
  43  4:02  SCV  
  45  4:03  Refinery, Engineering Bay  
  45  4:08  SCV  
  46  4:13  Viking  
  46  4:14  SCV  
  49  4:17  Marine x2  
  49  4:20  SCV  
  52  4:26  SCV, Factory Tech Lab  
  52  4:28  Bunker  
  52  4:29  Terran Infantry Weapons Level 1  
  53  4:32  Supply Depot  
  53  4:33  SCV  
  53  4:37  Marine x2  
  54  4:39  Supply Depot  
  54  4:51  Supply Depot  
  54  4:54  SCV, Siege Tank  
  57  5:00  Barracks x2, Starport Reactor  
  57  5:01  SCV  
  57  5:06  SCV  
  57  5:07  Marine  
  55  5:10  Stimpack  
  55  5:13  SCV  
  57  5:18  SCV  
  58  5:25  SCV  
  58  5:26  Siege Tank  
  58  5:27  Refinery, Marine  
  63  5:30  SCV  
  64  5:37  SCV  
  64  5:42  SCV, Barracks x2  
  66  5:46  Starport Reactor  
  66  5:48  Marine x2  
  68  5:56  Marine x2  
  70  5:58  Siege Tank  
  70  6:00  Supply Depot  
  70  6:03  Supply Depot  
  72  6:07  Supply Depot, Marine x2  
  72  6:08  Marauder  
  76  6:16  Supply Depot, Marine x2  
  78  6:22  Medivac  
  78  6:23  Medivac  
  78  6:25  Marine x2  
  84  6:27  Terran Infantry Armor Level 1  
  84  6:30  Barracks Tech Lab, Siege Tank  
  84  6:31  Marine, Barracks Reactor  
  88  6:35  Marine  
  88  6:37  Marine  
  90  6:42  Marine x2  
  91  6:47  Supply Depot  
  91  6:49  Marine  
  91  6:51  Combat Shields  
  91  6:52  Marine  
  91  6:53  Marine  
  93  6:54  Medivac  
  93  6:55  Marine  
  93  7:00  Medivac, Marine  
  98  7:08  Supply Depot x2, Marauder, Marine  
  100  7:09  Marine  
  100  7:10  Marauder  
  104  7:15  Marine  
  104  7:18  Siege Tank  
  104  7:21  Marine x2  
  110  7:23  Concussive Shells  
  110  7:27  Marine  
  110  7:29  Marauder, Marine  
  114  7:32  Marauder  
  114  7:33  Medivac  
  115  7:38  Marine  
  116  7:44  Marine  
  116  7:50  Marine, Marauder  
  118  7:52  Marine  
  118  7:53  Marauder  
  118  7:58  Medivac  
  120  8:09  Marine  
  120  8:10  Marine  
  120  8:12  Marauder  
  118  8:14  SCV x2, Marauder  
  121  8:26  SCV x2  
  123  8:33  Marauder  
  111  8:38  SCV x2  
Tags
 
Add a new tag
Caveats
  • Supply blocks, unpowered buildings, or Contaminate may cause inaccurate times.
  • Supply counts are checked every 10 seconds.